 Dungeon Crawl Stone Soup version 0.31-a0-609-g7bf6ffcfed (webtiles) character file.

Game seed: 10240417918337646914

158 javelincjr the Conjurer (level 5, -2/31 HPs)
             Began as an Octopode Conjurer on Aug 21, 2023.
             Slain by an adder (3 damage)
             ... in a sewer.
             The game lasted 00:07:14 (3037 turns).

javelincjr the Conjurer (Octopode Conjurer)         Turns: 3037, Time: 00:07:14

Health: -2/31      AC:  1    Str:  6    XL:     5   Next: 39%
Magic:  0/9        EV: 13    Int: 22    God:
Gold:   174        SH:  0    Dex: 11    Spells: 6/9 levels left

rFire   . . .        r - +1 dagger (venom)
rCold   . . .        (no shield)
rNeg    . . .        (helmet restricted)
rPois   .            m - amulet of guardian spirit
rElec   .            (no ring)
rCorr   .            (no ring)
SInv    .            (no ring)
Will    +....        (no ring)
Stlth   +++++        (no ring)
HPRegen 0.25/turn    (no ring)
MPRegen 0.11/turn    (no ring)
                     (no ring)

%: guardian spirit
@: lethally poisoned (-2 -> -12), enlightened, flying
A: almost no armour, amphibious, 8 rings, camouflage 1, gelatinous body 1,
nimble swimmer 1, tentacles
a: no special abilities


You were in a sewer.
You visited 1 branch of the dungeon, and saw 3 of its levels.
You also visited: Sewer.

You collected 174 gold pieces.

Inventory:

Hand Weapons
 e - a +2 whip of holy wrath
 r - a +1 dagger of venom (weapon)
Jewellery
 m - an amulet of guardian spirit (around mantle)
Wands
 q - a wand of paralysis (12)
Scrolls
 b - a scroll of enchant armour {unknown}
 d - 6 scrolls of teleportation {unknown}
 h - a scroll of noise {unknown}
 i - 2 scrolls of fog {unknown}
 l - a scroll of silence {unknown}
 p - a scroll of blinking {unknown}
Potions
 a - a potion of magic
 c - a potion of enlightenment
 f - a potion of ambrosia {unknown}
 g - a potion of heal wounds {unknown}
 j - a potion of mutation {unknown}
 k - 2 potions of cancellation {unknown}
 n - a potion of curing {unknown}
 o - a potion of brilliance {unknown}


   Skills:
 + Level 3.1 Dodging
 + Level 4.6 Stealth
 + Level 2.9 Spellcasting
 + Level 4.7 Conjurations


You had 6 spell levels left.
You knew the following spells:

 Your Spells              Type           Power      Damage    Failure   Level
a - Magic Dart            Conj           96%        1d7       1%          1
b - Searing Ray           Conj           48%        2d6       2%          2

Your spell library contained the following spells:

 Spells                   Type           Power      Damage    Failure   Level
 Dazzling Flash           Conj/Hex       26%        N/A       14%         3
 Fulminant Prism          Conj/Hex       6%         3d6       43%         4
 Iskenderun's Mystic Bla  Conj/Tloc      13%        2d5       43%         4


Dungeon Overview and Level Annotations

Branches:
Dungeon (3/15)              Sewer (1/1)

Altars:

Shops:
D:2 :


Innate Abilities, Weirdness & Mutations

You cannot wear most types of armour.
You are amphibious.
You can wear up to eight rings at the same time.
Your skin changes colour to match your surroundings (Stealth+).
Your rubbery body absorbs attacks. (AC +1, EV +1)
You are camouflaged when in or above water. (Stealth+)
You have tentacles for arms and can constrict up to eight enemies at once.


Message History

The magic dart hits the jackal.
You kill the jackal!
A worm comes into view.
The adder attacks as it pursues you! The adder closely misses you.
The jackal stops to sniff the ground.
The adder closely misses you. The adder attacks as it pursues you!
The adder bites you.
You are poisoned.
The adder poisons you! The adder closely misses you.
You hit the adder but do no damage.
The adder is poisoned.
Your grab misses the adder.
The adder is heavily wounded.
You feel sick. The adder closely misses you. The adder bites you.
You are more poisoned.
The adder poisons you!
The jackal pauses to sniff the water.
The ball python misses you. The ball python closely misses you.
You hit the adder but do no damage.
The adder is poisoned.
Your grab misses the adder. Your squeeze misses the adder.
You feel sick. The adder bites you. The adder barely misses you.
The ball python misses you. The ball python grabs you.
The ball python constricts you. The adder bites you.
You closely miss the adder. Your grab misses the adder.
You feel sick. The adder bites you.
You are more poisoned.
The adder poisons you! The ball python bites you.
The ball python constricts you. The ball python bites you.
The adder barely misses you. The adder bites you.
You escape the ball python's grasp.
You feel sick. The adder bites you.
* * * LOW HITPOINT WARNING * * *
You are more poisoned.
The adder poisons you! The adder closely misses you.
It was a potion of enlightenment.
You feel very buoyant.
You fly up into the air.
* * * LOW HITPOINT WARNING * * *
You feel very sick. The adder bites you.
* * * LOW HITPOINT WARNING * * *
The adder bites you.
You die...

#≈≈≈†.. #≈≈.~†~
#≈≈.w. #≈≈~.~
#≈≈~.#
#≈≈≈~##########
#≈≈≈~h.~.~~.~~~
#≈≈≈SS≈≈≈≈≈≈≈≈~
#≈≈SS@~~.~~~~~~
#≈≈~###~≈~####~
#≈≈~ #~≈~# #≈≈~
#~≈~# #≈≈.
#~≈~# #≈≈~
#~≈~# #≈≈~
#~≈.# #≈≈~
#~≈.# #.†.#


You could see a worm, 2 adders, a jackal and 2 ball pythons.

Vanquished Creatures
  3 adders (D:3)
  4 gnolls (D:2)
  A river rat (D:3)
  5 worms
  A dart slug (D:1)
  5 ball pythons
  10 bats
  5 endoplasms
  4 giant cockroaches
  5 goblins
  4 hobgoblins
  2 jackals (Sewer)
  4 kobolds
  A quokka (D:2)
  6 frilled lizards
  9 rats
69 creatures vanquished.

Notes
Turn   | Place    | Note
-------+----------+-------------------------------------------
     0 | D:1      | javelincjr the Octopode Conjurer began the quest for the
                  | Orb.
     0 | D:1      | Reached XP level 1. HP: 11/11 MP: 3/3
   127 | D:1      | Reached XP level 2. HP: 17/17 MP: 1/5
   130 | D:1      | Learned a level 2 spell: Searing Ray
   782 | D:1      | Reached XP level 3. HP: 21/21 MP: 3/6
  1275 | D:2      | Found Heqestrai's Book Emporium.
  1501 | D:2      | Reached XP level 4. HP: 27/27 MP: 0/7
  2629 | D:3      | Reached XP level 5. HP: 25/31 MP: 9/9
  2713 | D:3      | Found a glowing drain.
  2721 | Sewer    | Entered a sewer
  3037 | Sewer    | HP: 1/31 [adder (3)]
  3037 | Sewer    | Slain by an adder

Illustrated notes

Levels and vault maps discovered:
D:1:      dpeg_arrival_stonehenge_8_columns, layout_basic,
          kennysheep_small_spiral, serial_bayou_ford_a
D:2:      layout_basic, serial_shops, nicolae_shop_waterfront, minmay_circle_x
D:3:      layout_loops_ring, shapermc_ecumenical_altar_acropolis,
          lightli_sewer_entry_pipes
Sewer:    sewer_fruit_machine

Skill      XL: |  1  2  3  4 |
---------------+-------------+-----
Stealth        | 3 4 |  4.6
Dodging        | 3 |  3.1
Spellcasting   | |  2.9
Conjurations   | |  4.7

Action                     |  1- 3 |  4- 6 || total
---------------------------+-------+-------++-------
  Melee: Unarmed           |     6 |       ||     6
         Tentacles         |     6 |    11 ||    17
         Constrict         |     4 |    11 ||    15
         Whip              |     6 |    28 ||    34
         Dagger            |       |    17 ||    17
   Cast: Magic Dart        |    64 |    39 ||   103
         Searing Ray       |     1 |     2 ||     3
    Use: Potion            |       |     1 ||     1
   Stab: Sleeping          |     1 |     3 ||     4
 Armour: Skin              |     2 |     3 ||     5
  Dodge: Dodged            |    19 |    30 ||    49

Table legend: (Time is in decaauts)
 A = Elapsed time spent in this place.
 B = Non-inter-level travel time spent in this place.
 C = Inter-level travel time spent in this place.
 D = Time resting spent in this place.
 E = Time spent auto-exploring this place.
 F = Levels seen in this place.
 G = Mean time per level.
                   A        B        C        D        E       F      G
               +--------+--------+--------+--------+--------+-----+--------+
         Total |   3038 |   2908 |    130 |     39 |   2443 |   4 |  759.5 |
       Dungeon |   2723 |   2593 |    130 |     39 |   2195 |   3 |  907.7 |
         Sewer |    315 |    315 |      0 |      0 |    248 |   1 |  315.0 |
               +--------+--------+--------+--------+--------+-----+--------+

Top non-repeatable levels by time:
     D:2: 1432 daAuts
     D:1: 1175 daAuts
   Sewer: 315 daAuts
     D:3: 114 daAuts
